TOP OF THE 1ST |
Santa Monica Bruins batting - Pitching for Las Vegas Stars : RHP Jim Hendon
|
Pitching: RHP Jim Hendon
|
|
Batting: RHB Iván De Jesús
|
0-0: Ball 1-0: Ball 2-0: DOUBLE (Groundball, 5L)
|
Batting: RHB Beco Lombo
|
0-0: Ball 1-0: Ball 2-0: Ball 3-0: Called Strike 3-1: Base on Balls
|
Batting: LHB Germán Charfauros
|
0-0: Called Strike Beco Lombo steals 2nd base Iván De Jesús to third 0-1: Swinging Strike 0-2: Foul Ball, location: 2F 0-2: Strikes out looking
|
Batting: LHB Ken Poche
|
0-0: Called Strike 0-1: Swinging Strike 0-2: Ball 1-2: Ball 2-2: Ground out 4-3 (Groundball, 4) Iván De Jesús scores Beco Lombo to third
|
Batting: RHB Danny Crouch
|
0-0: Swinging Strike 0-1: Ball 1-1: Ball 2-1: Foul Ball, location: 2F 2-2: Strikes out swinging
|
Top of the 1st over - 1 run(s), 1 hit(s), 0 error(s), 1 left on base; Santa Monica 1 - Las Vegas 0 |
BOTTOM OF THE 1ST |
Las Vegas Stars batting - Pitching for Santa Monica Bruins : RHP José Castro
|
Pitching: RHP José Castro
|
|
Batting: RHB Tae-kwon Kwon
|
0-0: Ball 1-0: Fly out, F3 (Popup, 3F)
|
Batting: RHB Ron Shelton
|
0-0: Fly out, F8 (Flyball, 8LD)
|
Batting: RHB Cole Bradley
|
0-0: Ball 1-0: Called Strike 1-1: Ball 2-1: Foul Ball, location: 2F 2-2: Fly out, F9 (Flyball, 9M)
|
Bottom of the 1st over - 0 run(s), 0 hit(s), 0 error(s), 0 left on base; Santa Monica 1 - Las Vegas 0 |
TOP OF THE 2ND |
Santa Monica Bruins batting - Pitching for Las Vegas Stars : RHP Jim Hendon
|
Batting: RHB Salvador Salas
|
0-0: Called Strike 0-1: Ball 1-1: Fly out, F8 (Flyball, 8LXD)
|
Batting: LHB Matsusuke Yamasaki
|
0-0: Ball 1-0: Foul Ball, location: 2F 1-1: Ball 2-1: Foul Ball, location: 2F 2-2: Strikes out swinging
|
Batting: LHB Juan Sánchez
|
0-0: Called Strike 0-1: Foul Ball, location: 2F 0-2: Ball 1-2: SINGLE (Line Drive, 56)
|
Batting: RHB Kuniaki Kawashima
|
0-0: Called Strike 0-1: Called Strike 0-2: Foul Ball, location: 2F 0-2: Ball 1-2: Strikes out looking
|
Top of the 2nd over - 0 run(s), 1 hit(s), 0 error(s), 1 left on base; Santa Monica 1 - Las Vegas 0 |
BOTTOM OF THE 2ND |
Las Vegas Stars batting - Pitching for Santa Monica Bruins : RHP José Castro
|
Batting: RHB Jeremy Atkins
|
0-0: Called Strike 0-1: Foul Ball, location: 2F 0-2: Ball 1-2: Ball 2-2: Ball 3-2: Fly out, F7 (Line Drive, 78M)
|
Batting: LHB Evan Slootweg
|
0-0: Fly out, F9 (Line Drive, 9LD)
|
Batting: LHB Eliot Helen
|
0-0: Called Strike 0-1: Ball 1-1: Ball 2-1: Ground out 4-3 (Groundball, 4M)
|
Bottom of the 2nd over - 0 run(s), 0 hit(s), 0 error(s), 0 left on base; Santa Monica 1 - Las Vegas 0 |
TOP OF THE 3RD |
Santa Monica Bruins batting - Pitching for Las Vegas Stars : RHP Jim Hendon
|
Batting: RHB Iván De Jesús
|
0-0: Ground out 6-3 (Groundball, 6)
|
Batting: RHB Beco Lombo
|
0-0: Ball 1-0: Foul Ball, location: 2F 1-1: Foul Ball, location: 2F 1-2: Ball 2-2: Ball 3-2: Strikes out swinging
|
Batting: LHB Germán Charfauros
|
0-0: Ball 1-0: Foul Ball, location: 2F 1-1: Swinging Strike 1-2: Strikes out looking
|
Top of the 3rd over - 0 run(s), 0 hit(s), 0 error(s), 0 left on base; Santa Monica 1 - Las Vegas 0 |
BOTTOM OF THE 3RD |
Las Vegas Stars batting - Pitching for Santa Monica Bruins : RHP José Castro
|
Batting: RHB Vicente Salgado
|
0-0: Called Strike 0-1: Swinging Strike 0-2: Strikes out swinging
|
Batting: SHB Santiago Farías
|
0-0: Called Strike 0-1: Ball 1-1: Ball 2-1: DOUBLE (Flyball, 8LXD)
|
Batting: RHB Bill McGrath
|
0-0: SINGLE (Popup, 89S) Santiago Farías to third Runner from 3rd tries for Home, SAFE, throw made home
|
Batting: RHB Tae-kwon Kwon
|
0-0: Foul Ball, location: 2F 0-1: Ball 1-1: Ball 2-1: Fly out, F7 (Flyball, 78S)
|
Batting: RHB Ron Shelton
|
0-0: Ball 1-0: Called Strike 1-1: Ball 2-1: SINGLE (Line Drive, 34) Bill McGrath to second
|
Batting: RHB Cole Bradley
|
0-0: Fly out, F2 (Popup, 2LF)
|
Bottom of the 3rd over - 1 run(s), 3 hit(s), 0 error(s), 2 left on base; Santa Monica 1 - Las Vegas 1 |
TOP OF THE 4TH |
Santa Monica Bruins batting - Pitching for Las Vegas Stars : RHP Jim Hendon
|
Batting: LHB Ken Poche
|
0-0: Ball 1-0: Ball 2-0: Ground out 3-1 (Groundball, 34)
|
Batting: RHB Danny Crouch
|
0-0: Ball 1-0: Swinging Strike 1-1: Ball 2-1: Foul Ball, location: 2F 2-2: Strikes out looking
|
Batting: RHB Salvador Salas
|
0-0: SINGLE (Groundball, 15) (infield hit)
|
Batting: LHB Matsusuke Yamasaki
|
0-0: Ball 1-0: Swinging Strike 1-1: Ball 2-1: Foul Ball, location: 2F 2-2: Ball 3-2: Strikes out swinging
|
Top of the 4th over - 0 run(s), 1 hit(s), 0 error(s), 1 left on base; Santa Monica 1 - Las Vegas 1 |
BOTTOM OF THE 4TH |
Las Vegas Stars batting - Pitching for Santa Monica Bruins : RHP José Castro
|
Batting: RHB Jeremy Atkins
|
0-0: Fly out, F7 (Line Drive, 7LM)
|
Batting: LHB Evan Slootweg
|
0-0: Ball 1-0: Swinging Strike 1-1: Ball 2-1: Ball 3-1: Base on Balls
|
Batting: LHB Eliot Helen
|
0-0: Ball 1-0: Foul Ball, location: 2F 1-1: Ball 2-1: Foul Ball, location: 2F 2-2: Ball 3-2: Foul Ball, location: 2F 3-2: Foul Ball, location: 2F 3-2: Grounds into double play, 4-6-3 (Groundball, 4)
|
Bottom of the 4th over - 0 run(s), 0 hit(s), 0 error(s), 0 left on base; Santa Monica 1 - Las Vegas 1 |
TOP OF THE 5TH |
Santa Monica Bruins batting - Pitching for Las Vegas Stars : RHP Jim Hendon
|
Batting: LHB Juan Sánchez
|
0-0: Swinging Strike 0-1: Ball 1-1: Ground out U3 (Groundball, 3L)
|
Batting: RHB Kuniaki Kawashima
|
0-0: Ball 1-0: Called Strike 1-1: Ground out 4-3 (Groundball, 4MS)
|
Batting: RHB Iván De Jesús
|
0-0: Ball 1-0: Ball 2-0: Foul Ball, location: 2F 2-1: Swinging Strike 2-2: Ball 3-2: Ground out 5-3 (Groundball, 56)
|
Top of the 5th over - 0 run(s), 0 hit(s), 0 error(s), 0 left on base; Santa Monica 1 - Las Vegas 1 |
BOTTOM OF THE 5TH |
Las Vegas Stars batting - Pitching for Santa Monica Bruins : RHP José Castro
|
Batting: RHB Vicente Salgado
|
0-0: Ball 1-0: Ball 2-0: DOUBLE (Flyball, 9LD)
|
Batting: SHB Santiago Farías
|
0-0: Fly out, F7 (Flyball, 7M)
|
Batting: RHB Bill McGrath
|
0-0: Called Strike 0-1: Ball 1-1: Swinging Strike 1-2: Foul Ball, location: 2F 1-2: Strikes out swinging
|
Batting: RHB Tae-kwon Kwon
|
0-0: Ball 1-0: Ball 2-0: Fly out, F6 (Popup, 6M)
|
Bottom of the 5th over - 0 run(s), 1 hit(s), 0 error(s), 1 left on base; Santa Monica 1 - Las Vegas 1 |
TOP OF THE 6TH |
Santa Monica Bruins batting - Pitching for Las Vegas Stars : RHP Jim Hendon
|
Batting: RHB Beco Lombo
|
0-0: Swinging Strike 0-1: Foul Ball, location: 2F 0-2: Fly out, F6 (Popup, 5)
|
Pitching: RHP Jorge Ibarra
|
|
Batting: LHB Germán Charfauros
|
0-0: Called Strike 0-1: Ground out 6-3 (Groundball, 6)
|
Batting: LHB Ken Poche
|
0-0: Ball 1-0: Ball 2-0: Called Strike 2-1: Swinging Strike 2-2: Foul Ball, location: 2F 2-2: Foul Ball, location: 2F 2-2: Ball 3-2: Strikes out swinging
|
Top of the 6th over - 0 run(s), 0 hit(s), 0 error(s), 0 left on base; Santa Monica 1 - Las Vegas 1 |
BOTTOM OF THE 6TH |
Las Vegas Stars batting - Pitching for Santa Monica Bruins : RHP José Castro
|
Batting: RHB Ron Shelton
|
0-0: SINGLE (Groundball, 4)
|
Batting: RHB Cole Bradley
|
0-0: Ball 1-0: Fielders Choice at 2nd, 6-4 (Groundball, 6M)
|
Batting: RHB Jeremy Atkins
|
0-0: Called Strike 0-1: Fly out, F6 (Popup, 6MD)
|
Batting: LHB Evan Slootweg
|
0-0: Foul Ball, location: 2F 0-1: Ball 1-1: Ball 2-1: Called Strike 2-2: Strikes out swinging
|
Bottom of the 6th over - 0 run(s), 1 hit(s), 0 error(s), 1 left on base; Santa Monica 1 - Las Vegas 1 |
TOP OF THE 7TH |
Santa Monica Bruins batting - Pitching for Las Vegas Stars : RHP Jorge Ibarra
|
Batting: RHB Danny Crouch
|
0-0: Ball 1-0: Ground out 2-3 (Groundball, 2R)
|
Pinch Hitting: LHB Raúl Guerra
|
0-0: Foul Ball, location: 2F 0-1: Called Strike 0-2: Foul Ball, location: 2F 0-2: Ball 1-2: Foul Ball, location: 2F 1-2: Ball 2-2: DOUBLE (Flyball, 7LD)
|
Batting: LHB Matsusuke Yamasaki
|
0-0: Intentional Walk
|
Batting: LHB Juan Sánchez
|
0-0: Ball 1-0: Foul Ball, location: 2F 1-1: Ball 2-1: Foul Ball, location: 2F 2-2: Ball 3-2: Grounds into double play, 4-6-3 (Groundball, 4)
|
Top of the 7th over - 0 run(s), 1 hit(s), 0 error(s), 1 left on base; Santa Monica 1 - Las Vegas 1 |
BOTTOM OF THE 7TH |
Las Vegas Stars batting - Pitching for Santa Monica Bruins : RHP José Castro
|
Now at 1B: Raúl Guerra
|
|
Batting: LHB Eliot Helen
|
0-0: Called Strike 0-1: Ball 1-1: Swinging Strike 1-2: Strikes out looking
|
Pinch Hitting: RHB Shih-k'ai Huang
|
0-0: Ball 1-0: Called Strike 1-1: Foul Ball, location: 2F 1-2: Ball 2-2: Ball 3-2: Base on Balls
|
Pinch Hitting: LHB Juan Cabañas
|
0-0: Called Strike 0-1: Ball 1-1: SINGLE (Groundball, 34S) Shih-k'ai Huang to second Throwing error, E9 Shih-k'ai Huang scores Juan Cabañas to second
|
Batting: RHB Bill McGrath
|
0-0: Ball 1-0: Ground out 5-3 (Groundball, 5)
|
Batting: RHB Tae-kwon Kwon
|
0-0: Foul Ball, location: 2F 0-1: Ball 1-1: Swinging Strike 1-2: Ball 2-2: Ball 3-2: Foul Ball, location: 2F 3-2: Strikes out swinging
|
Bottom of the 7th over - 1 run(s), 1 hit(s), 1 error(s), 1 left on base; Santa Monica 1 - Las Vegas 2 |
TOP OF THE 8TH |
Santa Monica Bruins batting - Pitching for Las Vegas Stars : RHP Jorge Ibarra
|
Pitching: RHP Cameron Rowde
|
|
Now at 3B: Orlando García
|
|
Now in LF: Shih-k'ai Huang
|
|
Batting: RHB Kuniaki Kawashima
|
0-0: Called Strike 0-1: Called Strike 0-2: Foul Ball, location: 2F 0-2: Ball 1-2: Foul Ball, location: 2F 1-2: Ball 2-2: Strikes out swinging
|
Batting: RHB Iván De Jesús
|
0-0: Foul Ball, location: 2F 0-1: Ground out 6-3 (Groundball, 6)
|
Batting: RHB Beco Lombo
|
0-0: Ground out 6-3 (Groundball, 6)
|
Top of the 8th over - 0 run(s), 0 hit(s), 0 error(s), 0 left on base; Santa Monica 1 - Las Vegas 2 |
BOTTOM OF THE 8TH |
Las Vegas Stars batting - Pitching for Santa Monica Bruins : RHP José Castro
|
Pitching: RHP Manuel López
|
|
Batting: RHB Ron Shelton
|
0-0: Called Strike 0-1: Ball 1-1: Foul Ball, location: 2F 1-2: Ball 2-2: Strikes out looking
|
Batting: RHB Cole Bradley
|
0-0: Ball 1-0: Foul Ball, location: 2F 1-1: Ball 2-1: Called Strike 2-2: Strikes out swinging
|
Batting: RHB Jeremy Atkins
|
0-0: Ball 1-0: Hit by Pitch
|
Batting: LHB Evan Slootweg
|
0-0: Called Strike 0-1: Ground out U3 (Groundball, 3)
|
Bottom of the 8th over - 0 run(s), 0 hit(s), 0 error(s), 1 left on base; Santa Monica 1 - Las Vegas 2 |
TOP OF THE 9TH |
Santa Monica Bruins batting - Pitching for Las Vegas Stars : RHP Cameron Rowde
|
Pitching: RHP John Corrigan
|
|
Batting: LHB Germán Charfauros
|
0-0: Ground out U3 (Groundball, 3)
|
Batting: LHB Ken Poche
|
0-0: Ball 1-0: Called Strike 1-1: SINGLE (Groundball, 34D)
|
Pinch Hitting: LHB António Glaviz
|
0-0: Called Strike 0-1: Ball 1-1: DOUBLE (Flyball, 9LM) Ken Poche to third
|
Batting: LHB Raúl Guerra
|
0-0: Called Strike 0-1: Swinging Strike 0-2: SINGLE (Groundball, 34) Ken Poche scores António Glaviz to third Runner from 3rd tries for Home, throw and OUT! Raúl Guerra to second
|
Batting: LHB Matsusuke Yamasaki
|
0-0: Ball 1-0: Ball 2-0: Called Strike 2-1: Swinging Strike 2-2: Fly out, F7 (Flyball, 7M)
|
Top of the 9th over - 1 run(s), 3 hit(s), 0 error(s), 1 left on base; Santa Monica 2 - Las Vegas 2 |
BOTTOM OF THE 9TH |
Las Vegas Stars batting - Pitching for Santa Monica Bruins : RHP Manuel López
|
Pitching: RHP Dae-hee Ch'oe
|
|
Now at 3B: Juan Acuña
|
|
Batting: LHB Eliot Helen
|
0-0: Called Strike 0-1: Ground out 4-3 (Groundball, 4M)
|
Batting: RHB Shih-k'ai Huang
|
0-0: Ball 1-0: Called Strike 1-1: Ball 2-1: Foul Ball, location: 2F 2-2: Ball 3-2: SINGLE (Groundball, 34)
|
Batting: RHB Orlando García
|
0-0: Ball Shih-k'ai Huang steals 2nd base 1-0: Ball 2-0: Ball 3-0: Called Strike 3-1: Called Strike 3-2: Strikes out swinging
|
Batting: RHB Bill McGrath
|
0-0: Ball 1-0: Ball 2-0: Swinging Strike 2-1: Ground out 1-3 (Groundball, 34S)
|
Bottom of the 9th over - 0 run(s), 1 hit(s), 0 error(s), 1 left on base; Santa Monica 2 - Las Vegas 2 |
TOP OF THE 10TH |
Santa Monica Bruins batting - Pitching for Las Vegas Stars : RHP John Corrigan
|
Batting: LHB Juan Sánchez
|
0-0: Ball 1-0: Ground out 6-3 (Groundball, 6)
|
Pinch Hitting: RHB Pablo Peña
|
0-0: Foul Ball, location: 2F 0-1: Ball 1-1: Ball 2-1: TRIPLE (Line Drive, 9LS)
|
Pinch Hitting: RHB Motoshige Yagi
|
0-0: Called Strike 0-1: Foul Ball, location: 2F 0-2: Foul Ball, location: 2F 0-2: Ball 1-2: Ball 2-2: Foul Ball, location: 2F 2-2: Ball 3-2: Foul Ball, location: 2F 3-2: Strikes out swinging
|
Batting: RHB Beco Lombo
|
0-0: SINGLE (Line Drive, 6MD) Pablo Peña scores
|
Batting: LHB Germán Charfauros
|
0-0: Ground out 3-1 (Groundball, 34)
|
Top of the 10th over - 1 run(s), 2 hit(s), 0 error(s), 1 left on base; Santa Monica 3 - Las Vegas 2 |
BOTTOM OF THE 10TH |
Las Vegas Stars batting - Pitching for Santa Monica Bruins : RHP Dae-hee Ch'oe
|
Now at 2B: Armando Méndez
|
|
Now at SS: Bill Savage
|
|
Batting: RHB Tae-kwon Kwon
|
0-0: Fly out, F5 (Line Drive, 5)
|
Batting: RHB Ron Shelton
|
0-0: Swinging Strike 0-1: Swinging Strike 0-2: Foul Ball, location: 2F 0-2: Ball 1-2: Foul Ball, location: 2F 1-2: Ball 2-2: Strikes out swinging
|
Batting: RHB Cole Bradley
|
0-0: Called Strike 0-1: Ball 1-1: Called Strike 1-2: Ball 2-2: Ball 3-2: Base on Balls
|
Batting: RHB Jeremy Atkins
|
0-0: Ball 1-0: Ball 2-0: Called Strike 2-1: Ball 3-1: Base on Balls Cole Bradley to second
|
Batting: LHB Evan Slootweg
|
0-0: Called Strike 0-1: Swinging Strike 0-2: Strikes out swinging
|
Bottom of the 10th over - 0 run(s), 0 hit(s), 0 error(s), 2 left on base; Santa Monica 3 - Las Vegas 2 |
|